 Dungeon Sprint DCSS version 0.19-a0-1931-gf4bb0bd (webtiles) character file.

1299 Groucho the Thaumaturge (level 8, -6/47 HPs)
             Began as a Vine Stalker Fighter on Oct 25, 2016.
             Was a Believer of Makhleb.
             Killed from afar by an efreet (14 damage)
             ... with a bolt of fire
             ... in the Dungeon (Sprint IX: "|||||||||||||||||||||||||||||").
             The game lasted 00:02:47 (846 turns).

Groucho the Thaumaturge (Vine Stalker Fighter)       Turns: 846, Time: 00:02:48

Health: -6/47      AC: 14    Str: 21    XL:     8   Next: 57%
Magic:  0/21       EV:  6    Int: 11    God:    Makhleb [**....]
Gold:   0          SH: 11    Dex: 17    Spells: 0 memorised, 23 levels left

rFire  . . .     SeeInvis .     n - +1 broad axe (chop)
rCold  . . .     Gourm    .     r - +1 chain mail
rNeg   . . .     Faith    .     c - +0 shield
rPois  .         Spirit   +     q - +0 helmet
rElec  .         Reflect  .     (no cloak)
rCorr  .         Harm     .     p - +0 pair of gloves
MR     +....     NoTele   +     (no boots)
Stlth  ..........               (no amulet)
                                t - +3 ring of dexterity
                                s - +3 ring of intelligence

@: no status effects
A: fangs 3, regeneration 1, magic shield, antimagic bite, no device heal 3, rot
immunity
a: Minor Destruction, Renounce Religion


You were in the Dungeon.
You worshipped Makhleb.
Makhleb was pleased with you.
You were not hungry.

You visited 1 branch

Inventory:

Hand Weapons
 n - a +1 broad axe of chopping (weapon)
 o - a +2 scimitar of flaming
Armour
 c - a +0 shield (worn)
 p - a +0 pair of gloves (worn)
 q - a +0 helmet (worn)
 r - a +1 chain mail (worn)
Jewellery
 s - a +3 ring of intelligence (left hand)
 t - a +3 ring of dexterity (right hand)
Wands
 m - a wand of lightning (7/15)
Scrolls
 h - 3 scrolls of remove curse
 k - a scroll of blinking
 l - 2 scrolls of amnesia
Potions
 e - 4 potions of curing
 g - 3 potions of heal wounds
 i - 4 potions of magic
Comestibles
 f - a bread ration


   Skills:
 * Level 8.1 Fighting
 * Level 7.7 Axes
 * Level 7.4 Armour
 * Level 8.1 Shields
 * Level 8.3 Spellcasting


You had 23 spell levels left.
You didn't know any spells.

Dungeon Overview and Level Annotations

Branches:
Dungeon (1/1)

Altars:
Cheibriados
Dithmenos
Elyvilon
Fedhas
Gozag
Hepliaklqana
Kikubaaqudgha
Makhleb
Nemelex Xobeh
Okawaru
Qazlal
Ru
Sif Muna
Trog
Uskayaw
Vehumet
Xom
Yredelemnul
Zin
The Shining One
Beogh
Jiyva
Lugonu


Innate Abilities, Weirdness & Mutations

You have razor-sharp teeth.
Your natural rate of healing is unusually fast.
When hurt, damage is shared between your health and your magic reserves.
Your bite disrupts and absorbs the magic of your enemies.
Potions and wands cannot restore your health.
You are immune to rotting.


Message History

The efreet is severely wounded.
The efreet hits you with a scimitar of flaming.
The efreet burns you.
* * * LOW HITPOINT WARNING * * *
You hit the efreet but do no damage.
The efreet is severely wounded.
The efreet hits you but does no damage.
You hit the efreet but do no damage. You bite the efreet!
The efreet's magic leaks into the air.
You drain its magic.
You feel invigorated.
The efreet is almost dead.
The efreet gestures at you.
The fireball explodes!
The fireball engulfs you!
* * * LOW HITPOINT WARNING * * *
The fireball engulfs the efreet.
The efreet completely resists.
You hit the efreet but do no damage.
The efreet is almost dead.
The efreet gestures at you. The bolt of fire hits you!
You die...

▓.▓
▓[▓
▓'▓
▓.▓
▓.▓
▓.▓
▓.▓
▓.▓
▓@▓
▓R▓
▓C▓
▓u▓
▓C▓
▓a▓
▓o▓
▓.▓


You could see a red ugly thing, a hill giant, a cyclops, an efreet, a worker ant
and an orc.

Vanquished Creatures
  A hill giant (D)
  A gargoyle (D)
  A troll (D)
  A hippogriff (D)
  An ogre (D)
  A howler monkey (D)
  A crimson imp (D)
  A hound (D)
  A gnoll (D)
  An adder zombie (D)
  A leopard gecko (D)
  A goblin (D)
  A hobgoblin (D)
  A bat (D)
  A leopard gecko zombie (D)
  A rat (D)
16 creatures vanquished.

Notes
Turn   | Place    | Note
-------+----------+-------------------------------------------
     0 | D        | Groucho the Vine Stalker Fighter began the quest for the Orb.
     0 | D        | Reached XP level 1. HP: 11/11 MP: 2/2
    13 | D        | Reached skill level 1 in Spellcasting
   522 | D        | Noticed a crimson imp
   522 | D        | Noticed an ogre
   524 | D        | Reached XP level 2. HP: 16/16 MP: 5/5
   535 | D        | Killed a crimson imp
   535 | D        | Reached XP level 3. HP: 19/21 MP: 5/7
   536 | D        | Killed an ogre
   536 | D        | Gained mutation: Your natural rate of healing is unusually fast. [Vine Stalker growth]
   536 | D        | Reached XP level 4. HP: 24/26 MP: 8/11
   536 | D        | Reached XP level 5. HP: 28/30 MP: 8/12
   544 | D        | Found a roughly hewn altar of Beogh.
   544 | D        | Found a snail-covered altar of Cheibriados.
   544 | D        | Found a shadowy altar of Dithmenos.
   544 | D        | Found a white marble altar of Elyvilon.
   544 | D        | Found a blossoming altar of Fedhas.
   544 | D        | Found an opulent altar of Gozag.
   545 | D        | Found a hazy altar of Hepliaklqana.
   546 | D        | Found a viscous altar of Jiyva.
   547 | D        | Found an ancient bone altar of Kikubaaqudgha.
   548 | D        | Found a corrupted altar of Lugonu.
   549 | D        | Found a burning altar of Makhleb.
   550 | D        | Found a sparkling altar of Nemelex Xobeh.
   551 | D        | Found an iron altar of Okawaru.
   552 | D        | Found a stormy altar of Qazlal.
   553 | D        | Found a sacrificial altar of Ru.
   554 | D        | Found a deep blue altar of Sif Muna.
   555 | D        | Found a bloodstained altar of Trog.
   556 | D        | Found a hide-covered altar of Uskayaw.
   557 | D        | Found a radiant altar of Vehumet.
   559 | D        | Became a worshipper of Makhleb the Destroyer
   561 | D        | Found a shimmering altar of Xom.
   562 | D        | Found a basalt altar of Yredelemnul.
   563 | D        | Found a glowing silver altar of Zin.
   564 | D        | Found a glowing golden altar of the Shining One.
   619 | D        | Noticed a hippogriff
   619 | D        | Noticed a troll
   619 | D        | Noticed a gargoyle
   619 | D        | Noticed a hill giant
   625 | D        | Killed a hippogriff
   625 | D        | Reached skill level 5 in Axes
   625 | D        | Reached skill level 5 in Armour
   625 | D        | Reached skill level 5 in Spellcasting
   625 | D        | Reached XP level 6. HP: 32/36 MP: 10/15
   683 | D        | Killed a troll
   683 | D        | Reached XP level 7. HP: 33/41 MP: 11/18
   686 | D        | Killed a gargoyle
   686 | D        | Reached * piety under Makhleb
   689 | D        | Killed a hill giant
   689 | D        | Gained mutation: You have razor-sharp teeth. [Vine Stalker growth]
   689 | D        | Reached XP level 8. HP: 9/47 MP: 4/21
   781 | D        | Reached ** piety under Makhleb
   833 | D        | Noticed an efreet
   833 | D        | Noticed a hill giant
   833 | D        | Noticed a red ugly thing
   833 | D        | Noticed a cyclops
   846 | D        | Killed from afar by an efreet

Vault maps used:
D:        linesprint

Skill      XL: |  1  2  3  4  5  6  7 |
---------------+----------------------+-----
Axes           | 2 3 4 5 6 7 |  7.7
Shields        | 3 4 6 8 |  8.1
Spellcasting   | 1 2 4 5 6 8 |  8.3
Fighting       | 3 4 6 8 |  8.1
Armour         | 3 4 5 6 7 |  7.4

Action                   |  1- 3 |  4- 6 |  7- 9 || total
-------------------------+-------+-------+-------++-------
Melee: War axe           |    24 |     1 |       ||    25
       Bite              |    10 |     7 |    13 ||    30
       Broad axe         |       |    13 |    25 ||    38
  Use: Potion            |     3 |     2 |       ||     5
       Scroll            |       |     1 |       ||     1
 Stab: Invisible         |       |     1 |       ||     1
Armor: Scale mail        |     9 |       |       ||     9
       Chain mail        |       |    17 |     4 ||    21
Dodge: Dodged            |     3 |     6 |     3 ||    12
Block: Shield            |    16 |    15 |     7 ||    38
